 Dungeon Crawl Stone Soup version 0.23.2-1-ga50397a (webtiles) character file.

Game seed: 11223125643824285683

16 MajorAdolf the Cutter (level 2, -1/26 HPs)
             Began as a Naga Wanderer on Apr 25, 2019.
             Slain by a leopard gecko (4 damage)
             ... on level 1 of the Dungeon.
             The game lasted 00:01:02 (225 turns).

MajorAdolf the Cutter (Naga Wanderer)                Turns: 225, Time: 00:01:02

Health: -1/26      AC:  5    Str: 13    XL:     2   Next: 58%
Magic:  3/3        EV:  6    Int: 10    God:
Gold:   0          SH:  0    Dex: 13    Spells: 2/3 levels left

rFire    . . .     SeeInvis +   e - +0 dagger
rCold    . . .     Gourm    .   (no shield)
rNeg     . . .     Faith    .   d - +2 scale mail
rPois    +         Spirit   .   (no helmet)
rElec    .         Reflect  .   (no cloak)
rCorr    .         Harm     .   (no gloves)
MR       .....                  (no barding)
Stlth    ..........             (no amulet)
HPRegen  0.08/turn              (no ring)
MPRegen  0.08/turn              (no ring)

@: short of breath, very slow
A: large, see invisible, deformed body, poison resistance, slowness 2, slow
metabolism 1, spit poison 1, AC +0
a: Spit Poison


You were on level 1 of the Dungeon.
You were not hungry.

You visited 1 branch of the dungeon, and saw 1 of its levels.

Inventory:

Hand Weapons
 e - a +0 dagger (weapon)
Armour
 d - a +2 scale mail (worn)
Scrolls
 a - a scroll of fog {unknown}
Potions
 b - 2 potions of curing {unknown}
 c - a potion of lignification
Comestibles
 f - a ration


   Skills:
 - Level 2.0 Fighting
 + Level 2.1 Short Blades
   Level 1.7 Crossbows
 - Level 1.0 Armour
 - Level 1.5 Stealth
   Level 1.0 Shields
 - Level 1.0 Spellcasting
   Level 1.0 Transmutations
   Level 1.0 Fire Magic


You had 2 spell levels left.
You knew the following spells:

 Your Spells              Type           Power        Failure   Level  Hunger
a - Infusion              Chrm           #...         86%         1    ##.....

Your spell library contained the following spells:

 Spells                   Type           Power        Failure   Level  Hunger
 Ozocubu's Armour         Chrm/Ice       #.......     99%         3    ####...


Dungeon Overview and Level Annotations

Branches:
Dungeon (1/15)

Altars:


Innate Abilities, Weirdness & Mutations

You cannot wear boots.
Your serpentine skin is tough. (AC +0)
You have supernaturally acute eyesight. (SInv)
Armour fits poorly on your strangely shaped body.
Your system is resistant to poisons. (rPois)
You cover ground very slowly.
You have a slow metabolism.
You can spit poison.


Message History

Your scale mail prevents you from hitting the goblin.
The goblin hits you with a +0 dagger.
* * * LOW HITPOINT WARNING * * *
You hit the goblin but do no damage. The goblin hits you but does no damage.
Okay, then.
Welcome back, MajorAdolf the Naga Wanderer.
Press ? for a list of commands and other information.
You can't do that yet.
Firing (i - inventory) No suitable missiles.
Press: ? - help, Shift-Dir - straight line, f - goblin
Aim: a goblin, wielding a +0 dagger
Okay, then.
You hit the goblin.
You kill the goblin!
Okay, then.
You hit the leopard gecko but do no damage.
The leopard gecko bites you.
* * * LOW HITPOINT WARNING * * *
You closely miss the leopard gecko. The leopard gecko bites you.
You die...

### ..# #.# #.# #.# #.#
#.# #@# ########### #l#
#.........# # #h#
#.#######.#
.###.###g###.## #[#
.h.=...#.##...# #.#
...h.h...)....######>###
..##.#.####...##.......#
.g. ######.###.#.# #...
#.###.#.#


You could see a leopard gecko, a jackal and a hobgoblin.

Vanquished Creatures
  A gnoll (D:1)
  A leopard gecko (D:1)
  A goblin (D:1)
  2 jackals (D:1)
  A kobold (D:1)
6 creatures vanquished.

Notes
Turn   | Place    | Note
-------+----------+-------------------------------------------
     0 | D:1      | MajorAdolf the Naga Wanderer began the quest for the Orb.
     0 | D:1      | MajorAdolf set off with the following items: a +0 club, a
                  | potion of lignification, a +2 scale mail, a ration; and the
                  | following spell memorised: Infusion; and the following
                  | spells available to memorise: Ozocubu's Armour
     0 | D:1      | Reached XP level 1. HP: 19/19 MP: 2/2
   208 | D:1      | Reached skill level 1 in Short Blades
   208 | D:1      | Reached XP level 2. HP: 10/26 MP: 3/3
   225 | D:1      | Slain by a leopard gecko

Skill      XL: |  1  2 |
---------------+-------+-----
Short Blades   | 1 2 |  2.1
Fighting       | |  2.0
Crossbows      | |  1.7
Armour         | |  1.0
Stealth        | |  1.5
Shields        | |  1.0
Spellcasting   | |  1.0
Transmutations | |  1.0
Fire Magic     | |  1.0

Action                   || total
-------------------------++-------
Melee: Dagger            ||    29
 Abil: Spit Poison       ||     4
Armor: Scale mail        ||    13
Dodge: Dodged            ||    10
